Winsalot, chaotic male human Monk ---- ---- ----..-- ---..| --......-- |....--- -...- |........| |......|-----....- |........| --.|.|.--.--...... --.......| ----|..........- |......-- ---........| --.....-- |....^---- ---....--- --....| --- ... |.....-- ---....---.-- ..... ---- -.....---------------- --....>@L....| -.... |...| ..---..........(....[)| |............| -%- --...---.----.-----..%------.--|).....|.|...| --.-- |.....--..--|-.--....-- |...|......|---.-- |...-- --.........--......--- ------....1.. --- --..).. |...............--- -........)... ...^... --.............-- ...........-- ...---- --...|.......-- .....--.--- .- |..---.------ --.----- --- Winsalot the Initiate Experience level: 9 Strength: 15 Dexterity: 17 Constitution: 16 Intelligence: 9 Wisdom: 11 Charisma: 13 Health: 0(59) Energy: 9(52) Def: 18 Gold: 186 Moves: 3249 Dungeon seed: EG3ywY5YlMBiq72C Game ID: Winsalot_1520886564 Your Inventory: Coins $ - 186 gold pieces Weapons F - an uncursed thoroughly rusty +0 knife Armor e - an uncursed +2 pair of leather gloves (being worn) Comestibles d - 2 uncursed food rations f - 5 uncursed apples g - 5 uncursed oranges D - an uncursed lembas wafer Scrolls Y - an uncursed scroll of teleportation Rings o - an uncursed ring of polymorph control (on left hand) K - an uncursed very rusty -1 ring of gain strength Wands q - an uncursed wand of digging (0:5) C - an uncursed wand of make invisible (0:1) Q - an uncursed wand of digging (0:5) Tools i - an uncursed oil lamp (0:0) u - an uncursed magical sack v - an uncursed thoroughly rusty lock pick S - an uncursed magic marker (0:24) Gems y - an uncursed flint stone z - an uncursed luckstone Spells and supernatural/magical abilities: Name Level Category Fail Memory e - charm monster 3 enchantment 100% 99% m - magic missile 2 attack 60% 99% p - protection 1 clerical 44% 96% O - create monster 2 clerical 44% 99% W - pray for help -- divine ? -- Your skills at the end: Fighting Skills martial arts [Master] wands [Basic] Weapon Skills Spellcasting Skills healing spells [Basic] clerical spells [Basic] Final Attributes: You were immune to sleep. You were poison resistant. You saw invisible. You were warned. You had automatic searching. You were stealthy. You were protected. You had polymorph control. You were fast. You were very lucky. You had extra luck. Bad luck did not time out for you. Good luck did not time out for you. You last prayed 276 turns ago. You are dead. Vanquished creatures: a flesh golem a baby long worm a black naga a troll a wood golem a flaming sphere 2 mountain centaurs 2 incubi a giant beetle a quivering blob a wolf 2 iron piercers a scorpion a black light 2 gnome kings an orc mummy an owlbear a werewolf a dwarf lord a raven 5 soldier ants 4 fire ants a wood nymph a mountain nymph 8 Mordor orcs an Uruk-hai 12 orc shamans a fog cloud 2 shriekers a violet fungus 7 gnome lords 4 gnomish wizards a kobold mummy a barrow wight a ghoul 2 giant ants a kitten 8 dwarves 12 hill orcs a rabid rat a wererat an iguana 3 hobbits 5 hobgoblins 38 gnomes a gecko 2 jackals 7 goblins a sewer rat 8 grid bugs a lichen a newt 167 creatures vanquished. Voluntary challenges: You had followed a strict vegetarian diet until turn 2574. You had been an atheist until turn 2259. You never hit with a wielded weapon. You read items or engraved 30 times, starting on turn 526. You never genocided any monsters. You never polymorphed an object. You never changed form. You used no wishes. You never split a pudding. You wrote Elbereth's name 2 times, starting on turn 579. You violated your moral code, losing 23 points of alignment, starting on turn 2574. Dungeon overview: The Dungeons of Doom: levels 1 to 4 Level 1 a fountain a long staircase Level 2 an armor shop, a fountain, a vault Level 3 a fountain Level 4 some fountains stairs to The Gnomish Mines The Gnomish Mines: levels 5 to 12 Level 5 stairs to The Dungeons of Doom Level 6 Level 7 Level 8 some shops, a temple to Shan Lai Ching, some fountains Level 9 Level 10 <- You were here Level 11 Level 12 many altars to Huan Ti and Moloch, some fountains History has recorded: On T:1 you entered the Dungeons of Doom to retrieve the Amulet of Yendor! On T:96 you reached level 2 of The Dungeons of Doom. On T:265 you reached level 3 of The Dungeons of Doom. On T:404 you advanced to experience level 2. On T:460 you reached level 4 of The Dungeons of Doom. On T:519 you advanced to experience level 3. On T:529 you reached level 1 of The Gnomish Mines. On T:583 you advanced to experience level 4. On T:610 you reached level 2 of The Gnomish Mines. On T:641 you advanced to experience level 5. On T:658 you reached level 3 of The Gnomish Mines. On T:720 you reached level 4 of The Gnomish Mines. On T:801 you advanced to experience level 6. On T:875 you reached level 5 of The Gnomish Mines. On T:1153 you reached level 6 of The Gnomish Mines. On T:1166 you reached level 7 of The Gnomish Mines. On T:1266 you reached level 8 of The Gnomish Mines. On T:1650 you advanced to experience level 9. Score breakdown: Gold: 186 ( 7728 points) Experience: 9 levels (15756 points) Exploration: 12 levels ( 25.00%) (14513 points) Discoveries: 21 items ( 7.42%) ( 8172 points) Valuables value: (no points given unless you survive) Artifact value: 0 ( 0 points) Variety of kills: 52 monsters ( 13.68%) (11097 points) Turncount: 3249 turns ( -717 points) Survival: died (score multiplied by 80%) Total score: 45239 Latest messages: You are covered in frost! You feel fully healed. The balrog swings its broadsword at the rabid rat. The balrog hits the rabid rat. The rabid rat is killed! You hit the arch-lich! The golden haze around you becomes less dense. The arch-lich staggers from your powerful strike! The arch-lich touches you! You are covered in frost! The arch-lich touches you! You are covered in frost! The arch-lich touches you! You are covered in frost! You begin praying to Huan Ti. You are almost hit by a runed dagger. The arch-lich touches you! You are covered in frost! You die... The magical sack is empty. Final status: Goodbye Winsalot the Monk, killed by an arch-lich, while praying... You died in The Gnomish Mines on dungeon level 10 with 45239 points, and 186 pieces of gold, after 3249 moves. You were level 9 with a maximum of 59 hit points when you died.